Cogmind - Beta 15 @@@ ROGUE MODE // 2025.07.14 @ 22:43:43 Player: Cinder Result: Destroyed by G-34 Mercenary with Small Laser Performance ------------- Evolutions (1) 500 Regions Visited (3) 600 Robots Destroyed (17) 85 Value Destroyed (622) 622 Prototype IDs (0) 0 Alien Tech Used (0) 0 Bonus (0) 0 TOTAL SCORE: 1807 Bonus ------- None Cogmind --------- Core Integrity 0/400 Matter 277/300 Energy 100/100 System Corruption 0% Temperature Cool (6) Movement Treading (160) Location -9/Mines Parts ------- > --- POWER (1) -------- (None) > --- PROPULSION (3) --- Light Treads Light Treads Aluminum Leg > --- UTILITY (3) ------ Large Storage Unit Signal Interpreter > --- WEAPON (2) ------- Beamcaster Heavy Assault Rifle > --- INVENTORY (15) --- Improved Ion Engine Improved Ion Engine Flight Unit Cooling System Terrain Scan Processor Improved Light Armor Plating Grenade Launcher Peak State ------------ > --- POWER ------------ (None) > --- PROPULSION ------- Aluminum Leg Aluminum Leg Armored Wheel > --- UTILITY ---------- Large Storage Unit Signal Interpreter Terrain Scanner > --- WEAPON ----------- Beamcaster Heavy Assault Rifle > --- INVENTORY -------- Improved Ion Engine Improved Ion Engine Light Treads Light Treads Flight Unit Cooling System Terrain Scan Processor Improved Light Armor Plating Grenade Launcher [Rating: 15] Favorites ----------- Power Ion Engine Engine Ion Engine Propulsion Aluminum Leg Treads Light Treads Leg Aluminum Leg Wheel Armored Wheel Utility Signal Interpreter Device Terrain Scanner Storage Large Storage Unit Processor Signal Interpreter Weapon Assault Rifle Energy Gun Small Laser Ballistic Gun Assault Rifle Build | -11 -10 -9 -9 ------- Run | Yrd Mat Mat Min Slots Evolved 2 | . . 2 . Power . | . . . . Propulsion 1 | . . 1 . Utility 1 | . . 1 . Weapon . | . . . . Parts Attached 26 | 6 2 9 9 Power 2 | 1 . 1 . Engine 2 | 1 . 1 . Core . | . . . . Reactor . | . . . . Propulsion 12 | 2 . 4 6 Treads 2 | . . . 2 Leg 9 | 2 . 4 3 Wheel 1 | . . . 1 Hover . | . . . . Flight . | . . . . Utility 5 | 1 2 2 . Device 2 | . . 2 . Storage 2 | 1 1 . . Processor 1 | . 1 . . Hackware . | . . . . Protection . | . . . . Artifact . | . . . . Weapon 7 | 2 . 2 3 Energy Gun 2 | . . 1 1 Energy Cannon . | . . . . Ballistic Gun 5 | 2 . 1 2 Ballistic Cannon . | . . . . Launcher . | . . . . Special Weapon . | . . . . Impact Weapon . | . . . . Slashing Weapon . | . . . . Piercing Weapon . | . . . . Special Melee Weapon . | . . . . Unidentified Prototypes . | . . . . Parts Lost 13 | . . 2 11 Power 1 | . . . 1 Propulsion 6 | . . . 6 Utility 2 | . . 1 1 Weapon 4 | . . 1 3 Highest Loss Streak 8 | . . 1 8 To Critical Strikes . | . . . . Average Backups 11 | 2 10 13 11 Power 1 | . 1 1 2 Propulsion 6 | 1 6 7 4 Utility 1 | . 1 1 3 Weapon 2 | . 1 2 2 Tool/Special . | . . . . Unused Backups 12 | . . 5 7 Power 3 | . . 1 2 Propulsion 4 | . . 3 1 Utility 3 | . . . 3 Weapon 2 | . . 1 1 Tool/Special . | . . . . Average Slot Usage (%) 95 | . 99 98 81 Engine 10 | . 14 11 3 Leg 29 | . 28 33 22 Wheel 1 | . . . 6 Device 6 | . . 9 9 Storage 11 | . 14 11 11 Processor 11 | . 13 11 11 Energy Gun 2 | . . 3 2 Ballistic Gun 20 | . 28 18 14 Peak Build Rating 15 | 6 8 12 15 Average Rating 9 | 4 7 10 11 On Entrance 6 | . 6 8 12 Naked Turns . | . . . . Heaviest Build 31 | 14 29 31 31 Greatest Support 40 | 20 20 30 40 Greatest Overweight (x) 9 | . 1 1 9 Average Overweight (x) . | . . . 1 Largest Inventory Capacity 15 | 8 15 15 15 Average Capacity 14 | 7 13 15 15 Most Carried 15 | 6 13 15 15 Average Carried 11 | 2 10 13 11 Final Capacity 15 | 8 15 15 15 Final Carried 15 | 6 13 15 7 Class Distribution -------------------- 75% | Mutant 24% | Scavenger-Mutant Dominant Class ---------------- Mutant | -10/Materials Mutant | -9/Materials Mutant | -9/Mines Resources | -11 -10 -9 -9 ----------- Run | Yrd Mat Mat Min Matter Collected 616 | 260 62 227 67 Remotely . | . . . . Salvage Created 590 | . 112 341 137 Parts 37 | . 8 25 4 Haulers Intercepted . | . . . . Recyclers Shooed 1 | . . 1 . Parts Field Recycled . | . . . . Retrieved Matter . | . . . . Parts Self-Destructed . | . . . . Prevented . | . . . . Kills | -11 -10 -9 -9 ------- Run | Yrd Mat Mat Min Combat Hostiles Destroyed 17 | . 3 10 4 Guns 16 | . 3 10 3 AOE 1 | . . . 1 Classes Destroyed 5 | . 1 2 2 Swarmer 2 | . . 2 . Grunt 12 | . 3 7 2 Duelist 1 | . . . 1 Sentry 1 | . . 1 . Demolisher 1 | . . . 1 Best Kill Streak 5 | . 2 5 2 Combat Bots Only 5 | . 2 5 2 Max Kills in Single Turn 1 | . 1 1 1 Gunslinging . | . . . . Exploded 1 | . . . 1 Melee . | . . . . Uniques/NPCs Destroyed . | . . . . Combat | -11 -10 -9 -9 -------- Run | Yrd Mat Mat Min Hostile Shots Fired 145 | . 9 63 73 Missed 37 | . 4 18 15 Hits 108 | . 5 45 58 Melee 3 | . . . 3 Projectile 105 | . 5 45 55 AOE 24 | . . . 24 Critical Strikes 1 | . . 1 . Damage Taken 2088 | . 60 550 1478 Core 417 | . 14 76 327 Absorbed by Shields . | . . . . Core Remaining (%) 97 | 100 94 . . Volleys Fired 47 | . 7 32 8 Largest 2 | . 2 2 2 Hottest 98 | . 40 60 98 Shots Fired 90 | . 14 64 12 Gun 90 | . 14 64 12 Cannon . | . . . . Launcher . | . . . . Special . | . . . . Kinetic 78 | . 14 55 9 Thermal 12 | . . 9 3 Explosive . | . . . . Electromagnetic . | . . . . Robot Hit Streak 15 | . 11 15 8 Robot Miss Streak 2 | . . 2 1 Penetration Max . | . . . . Secondary Targets 1 | . . . 1 Max Gunslinging Chain 1 | . . . 1 Shots Hit Robots 69 | . 11 47 11 Core Hits 32 | . 7 19 6 Critical Kills . | . . . . Critical Parts Destroyed 1 | . . . 1 Critical Strikes 1 | . . . 1 Destroy 1 | . . . 1 Melee Attacks . | . . . . Impact . | . . . . Slashing . | . . . . Piercing . | . . . . Sneak Attacks . | . . . . Combat Hostiles . | . . . . Follow-up Attacks . | . . . . Damage Inflicted 1067 | . 141 583 343 Guns 897 | . 139 570 188 Cannons . | . . . . Explosions 155 | . . . 155 Melee . | . . . . Ramming 15 | . 2 13 . Kinetic 769 | . 139 485 145 Thermal 283 | . . 85 198 Explosive . | . . . . Electromagnetic . | . . . . Impact . | . . . . Slashing . | . . . . Piercing . | . . . . Highest Corruption . | . . . . Average Corruption . | . . . . Corruption Purged . | . . . . Corruption Blocked . | . . . . Overload Shots . | . . . . Overflow Damage . | . . . . Projectiles . | . . . . Explosions . | . . . . Melee . | . . . . Knockbacks . | . . . . Impact . | . . . . Kinetic . | . . . . Secondary . | . . . . Self-Inflicted Damage 57 | . . . 57 Shots 1 | . . . 1 Rammed . | . . . . Targets Rammed 5 | . 1 4 . Kicked 5 | . 1 4 . Crushed . | . . . . Highest Temperature 63 | . 2 24 63 Average Temperature 18 | . 2 9 31 Received Heat Transfer 501 | . 33 249 219 Siege Activations . | . . . . Martial Activations . | . . . . Shielding Activations . | . . . . Robots Disrupted . | . . . . Combat Hostiles . | . . . . Robots Corrupted . | . . . . Combat Hostiles . | . . . . Parts Fried . | . . . . Impact Corruptions . | . . . . Robots Melted . | . . . . Combat Hostiles . | . . . . Parts Melted . | . . . . Heat Transferred 424 | . . 200 224 Parts Sabotaged . | . . . . Parts Stolen . | . . . . Parts Stripped . | . . . . Power Chain Reactions . | . . . . Alert | -11 -10 -9 -9 ------- Run | Yrd Mat Mat Min Maximum Alert Level . | . . . . Low Security (%) 100 | 100 100 100 100 Level 1 . | . . . . Level 2 . | . . . . Level 3 . | . . . . Level 4 . | . . . . Level 5 . | . . . . High Security . | . . . . Max Security . | . . . . Peak Influence 122 | . 50 122 79 Initial 22 | . . . 22 Average 31 | . 11 53 15 Influence Increases 459 | . 70 260 129 Destroy 0b10 Robot/C 340 | . 60 200 80 Destroy Leader 60 | . 10 30 20 Disable Machine 15 | . . . 15 Destroy Structure 14 | . . . 14 Lose Combat Pursuer 30 | . . 30 . Influence Decreases 410 | . 70 202 138 Entered New Map 36 | . . . 36 Time Decay 324 | . 70 182 72 Lost Part 50 | . . 20 30 Squads Dispatched 1 | . . 1 . Investigation . | . . . . Extermination . | . . . . Reinforcement 1 | . . 1 . Assault . | . . . . Garrison . | . . . . Intercept . | . . . . Searches Triggered . | . . . . Construction Impeded . | . . . . Haulers Reinforced . | . . . . Active Scanning Responses . | . . . . Cargo Convoy Interrupts . | . . . . Stealth | -11 -10 -9 -9 --------- Run | Yrd Mat Mat Min Distress Signals 1 | . . 1 . Communications Jammed . | . . . . Distress Signals . | . . . . Times Spotted 31 | . 5 16 10 Peak Tracking Total 6 | . 2 4 6 Tactical Retreats 2 | . . 2 . Traps | -11 -10 -9 -9 ------- Run | Yrd Mat Mat Min Traps Triggered . | . . . . Indirectly . | . . . . Trap Hack Attempts . | . . . . Triggered . | . . . . Disarmed . | . . . . Reprogrammed . | . . . . Reused . | . . . . Traps Extracted . | . . . . Installed . | . . . . Triggered . | . . . . Machines | -11 -10 -9 -9 ---------- Run | Yrd Mat Mat Min Machines Disabled 1 | . . . 1 Max in Single Turn 1 | . . . 1 Machines Repaired . | . . . . Machines Dismantled . | . . . . Machines Sabotaged . | . . . . Overloaded Fab Kills . | . . . . Hacking | -11 -10 -9 -9 --------- Run | Yrd Mat Mat Min Machines Accessed 2 | . 1 1 . Terminals 2 | . 1 1 . Fabricators . | . . . . Repair Stations . | . . . . Recycling Units . | . . . . Scanalyzers . | . . . . Garrison Access . | . . . . Total Hacks 5 | . 2 3 . Successful 3 | . . 3 . Failed 2 | . 2 . . Catastrophic 1 | . 1 . . Database Lockouts . | . . . . Manual . | . . . . Terminals 5 | . 2 3 . Fabricators . | . . . . Repair Stations . | . . . . Recycling Units . | . . . . Scanalyzers . | . . . . Garrison Access . | . . . . Terminal Hacks 3 | . . 3 . Branch Access Points 1 | . . 1 . Emergency Access Points 1 | . . 1 . Maintenance Status 1 | . . 1 . Fabricator Hacks . | . . . . Repair Station Hacks . | . . . . Recycling Unit Hacks . | . . . . Scanalyzer . | . . . . Garrison Access Hacks . | . . . . Unauthorized Hacks . | . . . . Terminals . | . . . . Fabricators . | . . . . Repair Stations . | . . . . Recycling Units . | . . . . Scanalyzers . | . . . . Garrison Access . | . . . . Data Cores Recovered . | . . . . Used . | . . . . Hacking Detections 2 | . 1 1 . Full Trace Events 1 | . 1 . . Feedback Events . | . . . . Feedback Blocked . | . . . . Robot Schematics Acquired . | . . . . Robots Built . | . . . . Authchips . | . . . . Time . | . . . . Total Robot Build Rating . | . . . . Part Schematics Acquired . | . . . . Parts Built . | . . . . Authchips . | . . . . Time . | . . . . Total Part Build Rating . | . . . . Parts Repaired . | . . . . Time . | . . . . Parts Recycled . | . . . . Recycled Matter . | . . . . Retrieved Matter . | . . . . Retrieved Components . | . . . . Parts Scanalyzed . | . . . . Part Schematics Acquired . | . . . . Parts Damaged . | . . . . Bothacking | -11 -10 -9 -9 ------------ Run | Yrd Mat Mat Min Used RIF Installer . | . . . . Robots Hacked . | . . . . Non-combat . | . . . . Combat . | . . . . Robot Hacks Applied . | . . . . Relay Couplers Released . | . . . . Fabnet Peak Effective % . | . . . . Robots Rewired . | . . . . Allies Hacked . | . . . . Hacks Repelled . | . . . . Allies | -11 -10 -9 -9 -------- Run | Yrd Mat Mat Min Total Allies 1 | . . . 1 Largest Group 1 | . . . 1 Highest-Rated Group 28 | . . . 28 Highest-Rated Ally 28 | . . . 28 Total Orders . | . . . . Ally Attacks 2 | . . . 2 Total Damage 22 | . . . 22 Kills . | . . . . Allies Corrupted . | . . . . Allies Melted . | . . . . Intel | -11 -10 -9 -9 ------- Run | Yrd Mat Mat Min Active Infowar (turns) 787 | . . 588 199 Sensors 285 | . . 285 . Terrain 502 | . . 303 199 Robot Analysis Total . | . . . . Derelict Logs Recovered . | . . . . Drone Launches . | . . . . Drone Recoveries . | . . . . Exploration | -11 -10 -9 -9 ------------- Run | Yrd Mat Mat Min Turns Passed 1358 | 69 388 660 241 Spaces Moved 820 | 48 199 422 151 Core 7 | 5 . . 2 Treads 11 | . . . 11 Legs 708 | 43 199 422 44 Wheels 94 | . . . 94 Hover . | . . . . Flight . | . . . . Fastest Speed 50 | 50 120 120 105 Average Speed 138 | 112 173 123 138 Slowest Speed 500 | 120 190 190 500 Overloaded Moves . | . . . . Propulsion Burnouts . | . . . . Robots Hopped . | . . . . Potential Cave-ins . | . . . . Cave-ins Triggered . | . . . . Exploration Rate (%) 34 | 4 43 46 43 Regions Visited 3 Branch Regions 1 Pre-discovered Areas . | . . . . Known Exits Taken 2 | . 1 1 . Unknown Exits Taken 1 | 1 . . . Scrap Searched . | . . . . Spaces Dug . | . . . . Terrain Destroyed 14 | . . . 14 Melee . | . . . . Projectile . | . . . . AOE 14 | . . . 14 Terrain Rammed . | . . . . Walls Destroyed . | . . . . Machines Disabled . | . . . . Actions | -11 -10 -9 -9 --------- Run | Yrd Mat Mat Min Total 959 | 60 227 501 171 Wait 23 | . 13 10 . Move 817 | 47 198 421 151 Hop . | . . . . Pick Up 26 | 7 6 12 1 Fast Attach 8 | 5 1 2 . Attach 14 | 1 . 3 10 Detach 2 | . . 1 1 Swap 5 | . 1 4 . Drop 12 | . . 12 . Fire 47 | . 7 32 8 Melee . | . . . . Ram . | . . . . Kick 5 | . 1 4 . Crush . | . . . . Escape Stasis . | . . . . Rewire . | . . . . Trap . | . . . . Miscellaneous . | . . . . Route ------- -11/Scrapyard -10/Materials -9/Materials (discovered 2 exits: *Min x2) -9/Mines History --------- Turn | Location | Event 5 | -11/Scrapyard | Discovered new exit (range 13) 70 | -11/Scrapyard | Entered Materials 303 | -10/Materials | Build established: Mutant 431 | -10/Materials | Discovered new exit (range 15) 456 | -10/Materials | Identified exit to Materials 458 | -10/Materials | Entered another Materials area 458 | -9/Materials | Evolved 2 slots: Propulsion x1, Utility x1 807 | -9/Materials | Identified exit to Mines 1118 | -9/Materials | Entered Mines 1152 | -9/Mines | Build established: Scavenger-Mutant 1163 | -9/Mines | Assembled infested the area 1196 | -9/Mines | Core integrity fell below 50% 1215 | -9/Mines | Met a Derelict testing a Signal Generator 1264 | -9/Mines | Lost 8 parts (1p4n3w) 1294 | -9/Mines | Core integrity fell below 20% 1359 | -9/Mines | Destroyed by G-34 Mercenary with Small Laser Last Messages --------------- 01242_ Acquired 20 matter. 01244_ Acquired Beamcaster. 01246_ The unstable cave ceiling collapses. 01310_ Plasma Injector explodes. 01310_ G-34 Mercenary destroyed. 01313_ G-47 Trooper destroyed. 01316_ Acquired 47 matter. 01317_ Terrain Scanner destroyed. 01324_ K-01 Serf collects debris. 01327_ Arm. Wheel destroyed. 01327_ K-01 Serf collects debris. 01333_ Aluminum Leg destroyed. 01334_ K-01 Serf collects debris. 01339_ L-31 Rogue destroyed. 01339_ Switching to secondary target: G-34 Mercenary. 01339_ G-34 Mercenary suffers critical hit (Destroy). 01339_ Destroyed Aluminum Leg. 01340_ K-01 Serf collects debris. Map ----- +----------------------------------------------------+ | ???????????????????????????? ???## ##?### # | | ?????????????????????????????????#####?## | | ??????????????????????????????????????## | | ?????????????????????????????# ???????## | | ????????????????????????????## ?????## | | ???????????????????????????## ##??## # | | ???????????????????????????# ### # | | ??????????????????????????? # | | ???????????????????????????# # | | ???????????????????????????# ## | | ????????????????????????????#$ ##? | | ?????????????????????????????# #### ##?? | | ??????????????????????????????? ???## #??? | | ?????????????????????????????? ?????# #??? | | ????????????????????????????????????# ###?? | | ????????????????????????????????????# ##???? | | ?????????????????????????????????#??# ##????? | | ?????????????????????????????#?###### ######? | | ????????????????????????????#### ## #?? | | ???????????????????????????## ###### ### | | ??????????????????????????## gg/%k ####"# ""# | | ?????????????????????????## g ##" | | ?????????????????????##### ## %* | | ?????????????# ###### #### #" [ | | ?????????????# ##??## ##" ! | | ???????????????######@ #????######" | | ????????????????????## ##?????????#""""""" | | ?????????????????????## ##??????????######## | | ??????????????????????#####??????????????????? | | ?????????????????????????????????????????????? | | | | | | | | | | | | | | | | | | | | | | | | | | | | | | | | | | | | | | | | | +----------------------------------------------------+ Best States ------------- Heat Dissipation 28 Energy Generation 10 Energy Capacity 250 Matter Stores 300 Matter Capacity 300 Sight Range 16 Robot Scan Range 14 Terrain Scan Range 14 Terrain Scan Density 10 Evasion (%) 55 Recoil Reduction 2 Item Schematics ----------------- None Robot Schematics ------------------ None Fabricated ------------ Nothing Repaired ---------- Nothing Alien Tech Used ----------------- None Achievements -------------- None Challenges ------------ None Game ------ Seed WarlordScrapoidTether Manual? 0 Play Time 00:14:55 Cumulative 46.8 hours Start 2025.07.14 @ 22:27:38 End 2025.07.14 @ 22:43:43 Sessions 1 Manual Loads 0 Difficulty Rogue Special Mode None Game No. 94 Rogue 94 Adventurer 0 Explorer 0 Win Type - Total 0 Types 0/0/0/0/0/0/0/0/0/0 Lore% 19 Gallery% 34 Achievement% 27 Wizard Run 0 Options --------- Layout 1 ASCII 0 Keyboard 0 Movement Arrows Keybinds 0 Fullscreen 2 Font 24/Smallcaps Map View 50x35 Zoom Use 0% Tactical HUD 1 Map Filters NONE Filters NONE Steam 1 RUN: 4eff13f2-cbb4-4495-81b1-3f40e473d20d